 Dungeon Crawl Stone Soup version 0.30-a0-165-g1891117ce2 (webtiles) character file.

Game seed: 3217571890080315811

44 Zonian the Sneak (level 3, -7/18 HPs)
             Began as a Vine Stalker Brigand on Sept 29, 2022.
             Mangled by a gnoll
             ... wielding a +0 halberd
              (9 damage)
             ... on level 2 of the Dungeon.
             The game lasted 00:04:23 (2644 turns).

Zonian the Sneak (Vine Stalker Brigand)             Turns: 2644, Time: 00:04:24

Health: -7/18      AC:  4    Str: 13    XL:     3   Next: 60%
Magic:  0/4        EV: 12    Int: 11    God:
Gold:   45         SH:  0    Dex: 17    Spells: 2/2 levels left

rFire   . . .      SeeInvis .    a - +2 dagger
rCold   . . .      Faith    .    (no shield)
rNeg    . . .      Spirit   +    b - +0 robe
rPois   .          Reflect  .    (no helmet)
rElec   .          Harm     .    p - +0 cloak
rCorr   .          Rampage  .    (no gloves)
Will    .....                    o - +0 pair of boots
Stlth   +++.......               (no amulet)
HPRegen 0.06/turn                (no ring)
MPRegen 0.09/turn                (no ring)

@: no status effects
A: fangs 2, magic shield, antimagic bite, no potion heal 2
a: no special abilities


You were on level 2 of the Dungeon.
You visited 1 branch of the dungeon, and saw 2 of its levels.

You collected 45 gold pieces.

Inventory:

Hand Weapons
 a - a +2 dagger (weapon)
 k - a +0 sling
 n - the +0 long sword "Giwana" {flame, *Noise rPois rCorr Str+5}
   (You found it on level 2 of the Dungeon)

   It burns those it strikes, dealing additional fire damage.
   Big, fiery blades are also staple armaments of hydra-hunters.
   Str:       It affects your strength (+5).
   rPois:     It protects you from poison.
   *Noise:    It may make noises in combat.
   rCorr:     It protects you from acid and corrosion.
Missiles
 d - 21 poisoned darts (quivered)
 e - 3 curare-tipped darts
Armour
 b - a +0 robe (worn)
 c - a +0 cloak
 m - a +1 ring mail of cold resistance
 o - a +0 pair of boots (worn)
 p - a +0 cloak (worn)
Jewellery
 g - a ring of resist corrosion
Scrolls
 f - 4 scrolls of identify {unknown}
Potions
 h - a potion of invisibility {unknown}
 i - 2 potions of heal wounds {unknown}
 j - a potion of degeneration {unknown}
 l - a potion of curing {unknown}


   Skills:
 + Level 2.2 Fighting
 + Level 2.2 Short Blades
 + Level 2.2 Throwing
 + Level 1.3 Dodging
 + Level 5.2 Stealth


You had 2 spell levels left.
You didn't know any spells.
Your spell library contained the following spells:

 Spells                   Type           Power      Damage    Failure   Level
 Kiss of Death            Conj/Necr      0%         2d5       34%         1
 Confusing Touch          Hex            0%         N/A       71%         3
 Dispel Undead            Necr           0%         3d6       98%         4


Dungeon Overview and Level Annotations

Branches:
Dungeon (2/15)

Altars:


Innate Abilities, Weirdness & Mutations

You have extremely sharp teeth.
When hurt, damage is shared between your health and your magic reserves.
Your bite disrupts and absorbs the magic of your enemies.
Potions cannot restore your health.


Message History

You finish taking off your +0 cloak.
You start putting on your armour.
You continue putting on your +0 cloak. x5
You finish putting on your +0 cloak.
Unknown command.
Okay, then. 3 gnolls come into view.
There are monsters nearby!
Unknown command.
You shoot a sling bullet.
The sling bullet hits the gnoll but does no damage.
You shoot a sling bullet.
The sling bullet barely misses the gnoll.
You shoot a sling bullet.
The sling bullet barely misses the gnoll.
The gnoll hits you from afar with a +0 halberd! x2
* * * LOW HITPOINT WARNING * * *
You are too injured to fight recklessly!
You are too injured to fight recklessly!
Unknown command.
You are too injured to fight recklessly!
You are too injured to fight recklessly!
Unknown command.
Okay, then.
You aren't carrying any items that you can evoke.
Unknown command.
Okay, then.
a - a +2 dagger (weapon)
The gnoll hits you with a +0 halberd.
* * * LOW HITPOINT WARNING * * *
You barely miss the gnoll. The gnoll closely misses you.
Unknown command.
You hit the gnoll but do no damage. The gnoll closely misses you.
You hit the gnoll. Your bite misses the gnoll.
The gnoll is lightly wounded.
The gnoll barely misses you.
You hit the gnoll.
The gnoll is moderately wounded.
The gnoll hits you with a +0 halberd!
Ouch! That really hurt!
You die...

# ####.# #.##. . . #....#
#.##. #. #. #....# #.##.
##.##. #....# #. #.....###
#....# #. #.#.....####....#
#.
#...............#######g##.
###)####...##....g.g##.
#.....@g....#.# #.
###+#..###......# #.
#...............# #.
###...............# #.
')'...............# #.
###...............# #.
#...............# #.
#...............# ###.
#.............#.######...


You could see a gnoll.

Vanquished Creatures
  A dart slug (D:2)
  4 endoplasms
  7 goblins
  5 hobgoblins
  4 jackals (D:1)
  3 quokkas
  A ball python (D:1)
  A bat (D:2)
  3 frilled lizards
  6 kobolds
  3 rats (D:1)
38 creatures vanquished.

Notes
Turn   | Place    | Note
-------+----------+-------------------------------------------
     0 | D:1      | Zonian the Vine Stalker Brigand began the quest for the
                  | Orb.
     0 | D:1      | Reached XP level 1. HP: 11/11 MP: 2/2
   632 | D:1      | Reached skill level 1 in Dodging
   632 | D:1      | Reached XP level 2. HP: 15/15 MP: 3/3
   699 | D:1      | Reached skill level 5 in Stealth
  1426 | D:1      | Reached XP level 3. HP: 17/18 MP: 4/4
  2440 | D:2      | Identified the +0 long sword "Giwana" {flame, *Noise rPois
                  | rCorr Str+5}
  2644 | D:2      | Mangled by a gnoll

Illustrated notes

Levels and vault maps discovered:
D:1:      ncdulo_halloftheorcs, layout_basic, st_stairs_1, dk_noncrumbling_4,
          minmay_misc_feat_secret_circle, amcnicky_mini_rare_corridor_liquid,
          nicolae_concentric_dashed_squares_wild, roderic_serpentine_path,
          minmay_indecisive_spiral
D:2:      layout_basic

Skill      XL: |  1  2 |
---------------+-------+-----
Dodging        | 1 |  1.3
Stealth        | 5 |  5.2
Short Blades   | 2 |  2.2
Fighting       | 2 |  2.2
Throwing       | 2 |  2.2

Action                   || total
-------------------------++-------
Melee: Dagger            ||    74
       Bite              ||    14
 Fire: Sling             ||    26
 Stab: Sleeping          ||    13
Armor: Robe              ||    10
Dodge: Dodged            ||    42

Table legend: (Time is in decaauts)
 A = Elapsed time spent in this place.
 B = Non-inter-level travel time spent in this place.
 C = Inter-level travel time spent in this place.
 D = Time resting spent in this place.
 E = Time spent auto-exploring this place.
 F = Levels seen in this place.
 G = Mean time per level.
                   A        B        C        D        E       F      G
               +--------+--------+--------+--------+--------+-----+--------+
         Total |   2645 |   2619 |     26 |   1215 |    904 |   2 | 1322.5 |
       Dungeon |   2645 |   2619 |     26 |   1215 |    904 |   2 | 1322.5 |
               +--------+--------+--------+--------+--------+-----+--------+

Top non-repeatable levels by time:
     D:1: 1944 daAuts
     D:2: 701 daAuts
